 Dungeon Crawl Stone Soup version 0.32-a0-933-ga8fa3634e4 (webtiles) character file.

Game seed: 10041089574987524354

40 NotYourErnst the Chiller (level 3, -1/26 HPs)
             Began as a Demonspawn Ice Elementalist on Apr 14, 2024.
             Slain by a hobgoblin (2 damage)
             ... on level 2 of the Dungeon.
             The game lasted 00:10:24 (1553 turns).

NotYourErnst the Chiller (DsIE)                     Turns: 1553, Time: 00:10:25

Health: -1/26      AC:  3    Str:  8    XL:     3   Next: 30%
Magic:  2/6        EV: 11    Int: 21    God:
Gold:   37         SH:  0    Dex: 15    Spells: 5/6 levels left

rFire   . . .        d - +0 rapier
rCold   . . .        (no shield)
rNeg    . . .        a - +0 robe
rPois   .            (no helmet)
rElec   .            (no cloak)
rCorr   .            f - +0 pair of gloves
SInv    .            (no boots)
Will    .....        (no amulet)
Stlth   ++           g - +6 ring of intelligence
HPRegen 0.24/turn    (no ring)
MPRegen 0.10/turn

%: no passive effects
@: no status effects
A: weakness stinger 1
a: no special abilities


You were on level 2 of the Dungeon.
You visited 1 branch of the dungeon, and saw 2 of its levels.

You collected 65 gold pieces.
You spent 28 gold pieces at shops.

Inventory:

Hand Weapons
 c - a +0 dagger
 d - a +0 rapier (weapon)
Armour
 a - a +0 robe (worn)
 f - a +0 pair of gloves (worn)
Jewellery
 g - a +6 ring of intelligence (left hand)
Scrolls
 i - a scroll of vulnerability {unknown}
Potions
 b - a potion of magic
 e - a potion of resistance
 h - a potion of degeneration {unknown}


   Skills:
 * Level 1.3 Fighting
 + Level 2.0 Dodging
 + Level 2.1 Stealth
 * Level 2.4 Spellcasting
 * Level 3.9 Ice Magic


You had 5 spell levels left.
You knew the following spells:

 Your Spells              Type           Power      Damage    Failure   Level
a - Freeze                Ice            72%        1d8       2%          1

Your spell library contained the following spells:

 Spells                   Type           Power      Damage    Failure   Level
 Frozen Ramparts          Ice            36%        1d6       9%          3
 Ozocubu's Armour         Ice            18%        N/A       9%          3
 Summon Ice Beast         Ice/Summ       10%        N/A       19%         3


Dungeon Overview and Level Annotations

Branches:
Dungeon (2/15)

Altars:

Shops:
D:2 ?


Innate Abilities, Weirdness & Mutations

You have a small tail.


Message History

You freeze the ribbon worm.
The ribbon worm is moderately wounded.
A hobgoblin comes into view. It is quivering poisoned darts.
You now have 3/6 mp.
Casting: Freeze (safe; 2% risk of failure)
Confirm with . or Enter, or press ? or * to list all spells.
Aiming: Freeze (safe; 2% risk of failure)
Press: ? - help, Shift-Dir - straight line, f/p - ribbon worm
Aim: a ribbon worm (moderately wounded)
You freeze the ribbon worm.
The ribbon worm is heavily wounded.
The hobgoblin shouts!
The ribbon worm bites you.
You take 6 damage, and have 15/26 hp.
MASSIVE DAMAGE!!
You now have 2/6 mp.
You hit the ribbon worm.
The ribbon worm is severely wounded.
The ribbon worm bites you.
The hobgoblin throws a poisoned dart.
The poisoned dart misses you.
The poisoned dart hits the ribbon worm.
The ribbon worm is poisoned.
You take 4 damage, and have 11/26 hp.
You barely miss the ribbon worm.
The ribbon worm is severely wounded.
The ribbon worm closely misses you.
You completely miss the ribbon worm.
The ribbon worm is heavily wounded.
The hobgoblin misses you. The ribbon worm bites you!
* * * LOW HITPOINT WARNING * * *
The hobgoblin closely misses you.
You take 8 damage, and have 4/26 hp.
MASSIVE DAMAGE!!
Casting: Freeze (safe; 2% risk of failure)
Confirm with . or Enter, or press ? or * to list all spells.
Aiming: Freeze (safe; 2% risk of failure)
Press: ? - help, Shift-Dir - straight line, f/p - ribbon worm
Aim: a ribbon worm (heavily wounded, poisoned)
You freeze the ribbon worm.
The ribbon worm is severely wounded.
The ribbon worm bites you.
* * * LOW HITPOINT WARNING * * *
The hobgoblin hits you.
You die...

#.........###..##...
#..............##.##
#.........####.##.# ###.......#
#.##'## ##...##.####.#...# # ###
####...##........... ######.. .
#........#####...... .#......
....#.####...####....... .+.....#
###...w@g.......+.......
.##.##.....##..####...####.......
##..#..#.<..#. ....# ##......
##..#§.§....#. .###.# ##.....
##.†#§§§_.#... #. #.# ##...#
.#.†#§§÷....# . .# ##+##
'#..#..#.<..# ## ## '...##.....##
#.# +#.....##### ##.##


You could see a ribbon worm (poisoned) and a hobgoblin.

Vanquished Creatures
  A dart slug (D:2)
  6 ball pythons
  3 endoplasms
  2 giant cockroaches (D:1)
  2 goblins
  A hobgoblin (D:2)
  2 jackals (D:2)
  2 quokkas (D:1)
  6 bats
  8 kobolds
  A rat (D:2)
34 creatures vanquished.

Notes
Turn   | Place    | Note
-------+----------+-------------------------------------------
     0 | D:1      | NotYourErnst the Demonspawn Ice Elementalist began the
                  | quest for the Orb.
     0 | D:1      | Reached XP level 1. HP: 13/13 MP: 3/3
   365 | D:1      | Gained mutation: You have a small tail. [demonic ancestry]
   365 | D:1      | Reached XP level 2. HP: 14/20 MP: 1/5
   672 | D:1      | Reached skill level 1 in Fighting
   933 | D:2      | Found a faded altar of an unknown god.
   962 | D:2      | Found Ciydain's Magic Scroll Shop.
  1115 | D:2      | Reached XP level 3. HP: 24/26 MP: 1/6
  1135 | D:2      | Bought a scroll of identify for 28 gold pieces
  1553 | D:2      | HP: 1/26 [ribbon worm (3)]
  1553 | D:2      | Slain by a hobgoblin

Illustrated notes

Levels and vault maps discovered:
D:1:      dpeg_arrival_simpleton_c, layout_loops_ring
D:2:      layout_loops_corners, serial_shops, nicolae_shop_tiny_real_fake_doors,
          nicolae_ecumenical_pavilion, minmay_shallow_snake_nest

Skill      XL: |  1  2 |
---------------+-------+-----
Fighting       | 1 |  1.3
Dodging        | 2 |  2.0
Stealth        | 2 |  2.1
Spellcasting   | |  2.4
Ice Magic      | |  3.9

Action                     || total
---------------------------++-------
  Melee: Rapier            ||    18
         Tailslap          ||     2
   Cast: Freeze            ||    43
    Use: Scroll            ||     2
   Stab: Sleeping          ||     3
 Armour: Robe              ||    32
  Dodge: Dodged            ||    28

Table legend: (Time is in decaauts)
 A = Elapsed time spent in this place.
 B = Non-inter-level travel time spent in this place.
 C = Inter-level travel time spent in this place.
 D = Time resting spent in this place.
 E = Time spent auto-exploring this place.
 F = Levels seen in this place.
 G = Mean time per level.
                   A        B        C        D        E       F      G
               +--------+--------+--------+--------+--------+-----+--------+
         Total |   1554 |   1523 |     31 |    325 |    486 |   2 |  777.0 |
       Dungeon |   1554 |   1523 |     31 |    325 |    486 |   2 |  777.0 |
               +--------+--------+--------+--------+--------+-----+--------+

Top non-repeatable levels by time:
     D:1: 933 daAuts
     D:2: 621 daAuts
